 Dungeon Crawl Stone Soup version 0.28.0 (webtiles) character file.

Game seed: 15355996316603302668

3137 Gabide the Martial Artist (level 9, -3/47 HPs)
             Began as a Vine Stalker Monk on Feb 15, 2022.
             Was a Priest of Elyvilon.
             Shot with an arrow by a centaur (8 damage)
             ... on level 7 of the Dungeon.
             The game lasted 00:12:14 (7506 turns).

Gabide the Martial Artist (Vine Stalker Monk)       Turns: 7506, Time: 00:12:14

Health: -3/47      AC:  2    Str: 15    XL:     9   Next: 92%
Magic:  0/12       EV: 16    Int: 10    God:    Elyvilon [***...]
Gold:   308        SH:  0    Dex: 26    Spells: 8/8 levels left

rFire   . . .      SeeInvis .     - Unarmed
rCold   . . .      Faith    .   (no shield)
rNeg    . . .      Spirit   +   a - +0 robe
rPois   +          Reflect  .   (no helmet)
rElec   .          Harm     .   (no cloak)
rCorr   .          Rampage  .   (no gloves)
Will    +....                   (no boots)
Stlth   +++.......              (no amulet)
HPRegen 0.95/turn               m - ring of poison resistance
MPRegen 0.13/turn               v - +6 ring of dexterity

@: about to teleport
A: fangs 3, regeneration 1, magic shield, antimagic bite, no potion heal 2
a: Renounce Religion, Purification, Heal Other, Heal Self


You were on level 7 of the Dungeon.
You worshipped Elyvilon.
Elyvilon was most pleased with you.
You visited 2 branches of the dungeon, and saw 8 of its levels.

You collected 308 gold pieces.

Inventory:

Hand Weapons
 b - a +3 whip of draining
Armour
 a - a +0 robe (worn)
Jewellery
 l - a +6 ring of dexterity
 m - a ring of poison resistance (left hand)
 v - a +6 ring of dexterity (right hand)
Wands
 d - a wand of flame (16)
 i - a wand of polymorph (13)
 n - a wand of mindburst (17)
 r - a wand of iceblast (7)
Scrolls
 g - a scroll of teleportation
 h - 2 scrolls of fog {unknown}
 o - 3 scrolls of identify
 q - a scroll of magic mapping
 t - a scroll of fear {unknown}
 u - a scroll of enchant armour {unknown}
Potions
 c - a potion of might {unknown}
 f - 4 potions of curing
 j - a potion of berserk rage {unknown}
 k - 2 potions of heal wounds {unknown}
 p - a potion of resistance {unknown}
 s - a potion of magic {unknown}
 w - a potion of lignification {unknown}


   Skills:
 * Level 5.6 Fighting
 * Level 5.3 Dodging
 - Level 3.7 Stealth
 * Level 10.6 Unarmed Combat
 * Level 3.4 Invocations


You had 8 spell levels left.
You didn't know any spells.
Your spell library contained the following spells:

 Spells                   Type           Power      Damage    Failure   Level
 Blink                    Tloc           0%         N/A       50%         2
 Fulminant Prism          Conj/Hex       0%         3d6       98%         4
 Iskenderun's Mystic Bla  Conj/Tloc      0%         2d3       98%         4
 Lee's Rapid Deconstruct  Erth           0%         3d5*      100%        5
 Manifold Assault         Tloc           0%         N/A       100%        5
 Storm Form               Tmut/Air       0%         N/A       100%        7


Dungeon Overview and Level Annotations

Branches:
Dungeon (7/15)             Temple (1/1) D:5

Altars:
Ashenzari
Elyvilon
Fedhas
Gozag
Kikubaaqudgha
Makhleb
Okawaru
Qazlal
Ru
Sif Muna
Trog
Uskayaw
Vehumet
Wu Jian
Xom
Yredelemnul
Zin
The Shining One

Shops:
D:3 (


Innate Abilities, Weirdness & Mutations

You have razor-sharp teeth.
Your natural rate of healing is unusually fast.
When hurt, damage is shared between your health and your magic reserves.
Your bite disrupts and absorbs the magic of your enemies.
Potions cannot restore your health.


Message History

The ice beast is severely wounded.
You hit the ice beast but do no damage. Your bite misses the ice beast.
The ice beast is severely wounded.
The ice beast barely misses you.
You completely miss the ice beast. You bite the ice beast! You drain its power.
You feel invigorated.
The ice beast is almost dead.
The ice beast hits you. The ice beast freezes you.
You punch the ice beast!
You kill the ice beast!
You hit the iguana. Your bite misses the iguana.
The iguana is moderately wounded.
The iguana bites you.
Aiming: Mindburst
Press: ? - help, Shift-Dir - straight line, f - iguana
Aim: an iguana (moderately wounded, chance to affect: 72%)
The iguana's mind is blasted!
The gnoll sergeant hits you from afar with a +0 spear.
The iguana bites you!
* * * LOW HITPOINT WARNING * * *
The iguana misses you.
You hit the iguana.
You kill the iguana!
The centaur wields a +0 shortbow.
The centaur shoots an arrow.
The arrow closely misses you.
The centaur shoots an arrow.
The arrow closely misses you.
The centaur shoots an arrow.
The arrow hits you!
The centaur shoots an arrow.
The arrow closely misses you.
The centaur shoots an arrow.
The arrow closely misses you.
The centaur shoots an arrow.
The arrow hits you!
* * * LOW HITPOINT WARNING * * *
The centaur shoots an arrow.
The arrow hits you!
* * * LOW HITPOINT WARNING * * *
As you read the scroll of teleportation, it crumbles to dust.
You feel strangely unstable.
The centaur shoots an arrow.
The arrow hits you!
* * * LOW HITPOINT WARNING * * *
The centaur shoots an arrow.
The arrow hits you! Elyvilon protects you from harm!
The centaur shoots an arrow.
The arrow hits you!
You die...

#.....# #.#....####.. ###.#.#
#.#.......#.. #.#.##
#.#...g####.#### #.#..##
#.###c#...#....###
#.##..###.....#...#.......
#.###.........#...........
####.#######.....#####cg.....
####....................#.###.##
.........######@........#.# #...
........................#c# #...
.........######.....#####g###...
####.##.### #...))##..#D.##$.c
#.##.<.## #...[)##..#..##
#.#.....## #)###.##..#...###
#........# #.# #.##..#.....##
#........# #.# #.#...#.......
#........###.###.....########


You could see a gnoll sergeant and a centaur.

Vanquished Creatures
  A cyclops (D:6)
  Joseph (D:7)
  Sigmund (D:4)
  Menkaure (D:5)
  Edmund (D:5)
  A sky beast (D:5)
  An ice beast (D:7)
  A necrophage (D:6)
  3 ogres
  2 centaurs
  A phantom (D:5)
  A gnoll sergeant (D:7)
  2 bullfrogs (D:7)
  3 scorpions
  2 wyvern skeletons (D:7)
  A centaur zombie (D:7)
  3 hounds
  2 jellies (D:6)
  5 orc priests
  A bullfrog skeleton (D:6)
  A gnoll shaman (D:4)
  3 iguanas
  Natasha (thrice) (D:4)
  An orc wizard (D:3)
  8 gnolls
  A howler monkey skeleton (D:7)
  3 adders
  A white imp (D:6)
  2 ufetubi
  An adder skeleton (D:4)
  2 worms
  A dart slug (D:1)
  31 orcs
  5 ball pythons
  7 endoplasms
  3 giant cockroaches
  7 goblins
  7 hobgoblins
  3 quokkas
  7 bats
  6 frilled lizards
  7 kobolds
  18 rats
162 creatures vanquished.

Vanquished Creatures (others)
  An orc wizard (D:5)
1 creature vanquished.

Grand Total: 163 creatures vanquished

Notes
Turn   | Place    | Note
-------+----------+-------------------------------------------
     0 | D:1      | Gabide the Vine Stalker Monk began the quest for the Orb.
     0 | D:1      | Reached XP level 1. HP: 11/11 MP: 2/2
   366 | D:1      | Reached XP level 2. HP: 10/16 MP: 3/3
   767 | D:1      | Reached XP level 3. HP: 16/19 MP: 1/4
  1367 | D:1      | Noticed a shining eye
  1369 | D:1      | Found a faded altar of an unknown god.
  1373 | D:1      | Noticed a floating eye
  1373 | D:1      | Noticed a shining eye
  1373 | D:1      | Noticed a golden eye
  1618 | D:2      | You fall into a shaft and drop 1 floor!
  2194 | D:2      | Gained mutation: Your natural rate of healing is unusually
                  | fast. [Vine Stalker growth]
  2194 | D:2      | Reached XP level 4. HP: 23/24 MP: 5/5
  2334 | D:2      | Reached skill level 4 in Unarmed Combat
  2737 | D:3      | Noticed a scorpion
  2761 | D:3      | Killed a scorpion
  2762 | D:3      | Reached XP level 5. HP: 14/28 MP: 4/6
  2848 | D:3      | Found Ifelyiwe's Antique Weapon Boutique.
  3101 | D:3      | Reached skill level 5 in Unarmed Combat
  3293 | D:4      | Noticed Natasha
  3301 | D:4      | Killed Natasha
  3302 | D:4      | Reached XP level 6. HP: 27/32 MP: 4/7
  3760 | D:4      | Noticed Sigmund
  4017 | D:4      | Killed Sigmund
  4018 | D:4      | Reached skill level 6 in Unarmed Combat
  4018 | D:4      | Reached XP level 7. HP: 37/37 MP: 8/8
  4045 | D:4      | Noticed Natasha
  4054 | D:4      | Killed Natasha
  4363 | D:4      | Noticed Natasha
  4369 | D:4      | Killed Natasha
  4457 | D:5      | Entered Level 5 of the Dungeon
  4581 | D:5      | Found a staircase to the Ecumenical Temple.
  4593 | D:5      | HP: 1/37 [something (6)]
  4921 | Temple   | Entered the Ecumenical Temple
  5041 | Temple   | Became a worshipper of Elyvilon the Healer
  5041 | Temple   | Reached * piety under Elyvilon
  5041 | Temple   | Reached ** piety under Elyvilon
  5088 | D:5      | Noticed Edmund
  5105 | D:5      | Killed Edmund
  5106 | D:5      | Reached skill level 7 in Unarmed Combat
  5106 | D:5      | Gained mutation: You have razor-sharp teeth. [Vine Stalker
                  | growth]
  5106 | D:5      | Reached XP level 8. HP: 24/42 MP: 4/9
  5359 | D:5      | Reached skill level 1 in Invocations
  5392 | D:5      | Noticed Menkaure
  5403 | D:5      | Killed Menkaure
  5642 | D:5      | Reached skill level 8 in Unarmed Combat
  5849 | D:6      | Reached skill level 5 in Fighting
  6195 | D:6      | Reached XP level 9. HP: 47/47 MP: 11/11
  6279 | D:6      | Noticed a cyclops
  6295 | D:6      | Killed a cyclops
  6296 | D:6      | Reached skill level 5 in Dodging
  6296 | D:6      | Reached skill level 9 in Unarmed Combat
  6918 | D:7      | Reached *** piety under Elyvilon
  6966 | D:7      | Noticed Joseph
  6980 | D:7      | HP: 2/47 [gnoll (4)]
  6981 | D:7      | Killed Joseph
  7303 | D:7      | Reached skill level 10 in Unarmed Combat
  7505 | D:7      | Elyvilon protects you from harm!
  7506 | D:7      | Shot with an arrow by a centaur

Illustrated notes

Levels and vault maps discovered:
D:1:      saegor_arrival_miasma, layout_rooms,
          hellmonk_ecumenical_altar_watching_god, minmay_rat_gold_closets
D:2:      minmay_door_path, layout_basic, grunt_decor_junction
D:3:      layout_basic, serial_shops, shop
D:4:      layout_basic, uniq_sigmund, uniq_natasha
D:5:      layout_cave_pods, minmay_temple_entry_large_hall, uniq_edmund,
          uniq_menkaure
D:6:      layout_loops_ring
D:7:      minmay_recursive_quarters, layout_rooms, uniq_joseph, uniq_pikel,
          uniq_harold
Temple:   mainiacjoe_temple_coin_purse

Skill      XL: |  1  2  3  4  5  6  7  8  9 |
---------------+----------------------------+-----
Fighting       | 3 4 5 |  5.6
Stealth        | 3 |  3.7
Unarmed Combat | 4 5 6 7 8 10 | 10.6
Dodging        | 3 4 5 |  5.3
Invocations    | 2 3 |  3.4

Action                   |  1- 3 |  4- 6 |  7- 9 || total
-------------------------+-------+-------+-------++-------
Melee: Unarmed           |   155 |   164 |   252 ||   571
       Bite              |    32 |    39 |    96 ||   167
       Punch             |     3 |     8 |    14 ||    25
Evoke: Wand              |       |       |     5 ||     5
  Use: Scroll            |     2 |     5 |     4 ||    11
 Stab: Sleeping          |    10 |     9 |     9 ||    28
Armor: Robe              |    30 |    10 |    23 ||    63
Dodge: Dodged            |    98 |   107 |   134 ||   339
